 Dungeon Crawl Stone Soup version 0.28-a0-194-g42b4daccc1 (webtiles) character file.

Game seed: 14679953910408898965

1041 siradein the Fighter (level 8, -1/132 HPs)
             Began as an Ogre Berserker on Aug 19, 2021.
             Was a Believer of Trog.
             Succumbed to an orc wizard's poison
             ... on level 5 of the Dungeon.
             The game lasted 00:07:41 (5057 turns).

siradein the Fighter (Ogre Berserker)               Turns: 5057, Time: 00:07:42

Health: -1/132     AC:  3    Str: 23    XL:     8   Next: 25%
Magic:  8/8        EV: 11    Int:  8    God:    Trog [**....]
Gold:   178        SH:  0    Dex:  9    Spells: 7/7 levels left

rFire   . . .      SeeInvis .   s - +0 giant club
rCold   . . .      Faith    +   (shield currently unavailable)
rNeg    . . .      Spirit   .   b - +0 animal skin
rPois   .          Reflect  .   (helmet restricted)
rElec   .          Harm     .   (no cloak)
rCorr   .          Rampage  .   (gloves unavailable)
Will    .....                   (boots unavailable)
Stlth   ..........              l - amulet of faith
HPRegen 0.32/turn               (no ring)
MPRegen 0.11/turn               (no ring)

@: berserking, lethally poisoned (-1 -> -31), studying Shields, very quick
A: large, unfitting armour, tough skin 1
a: Renounce Religion, Berserk, Trog's Hand


You were on level 5 of the Dungeon.
You worshipped Trog.
Trog was pleased with you.
You visited 1 branch of the dungeon, and saw 5 of its levels.

You collected 178 gold pieces.

Inventory:

Hand Weapons
 s - a +0 giant club (weapon)
Missiles
 a - 5 javelins
 e - 27 poisoned darts (quivered)
Armour
 b - a +0 animal skin (worn)
Jewellery
 l - an amulet of faith (around neck)
Wands
 g - a wand of paralysis (10)
 o - a wand of charming (8)
 t - a wand of flame (10)
Scrolls
 d - 2 scrolls of magic mapping {unknown}
 f - 2 scrolls of amnesia {unknown}
 i - a scroll of identify {unknown}
 j - 4 scrolls of teleportation {unknown}
 k - a scroll of torment {unknown}
 m - 2 scrolls of fog {unknown}
 p - a scroll of immolation {unknown}
 q - a scroll of fear {unknown}
 u - 3 scrolls of enchant weapon {unknown}
 w - a scroll of noise {unknown}
Potions
 c - a potion of haste {unknown}
 h - 2 potions of attraction {unknown}
 n - 3 potions of curing {unknown}
 r - a potion of might {unknown}
 v - 2 potions of lignification {unknown}
 x - a potion of heal wounds {unknown}


   Skills:
 + Level 8.1 Fighting
 + Level 5.6 Maces & Flails
 + Level 5.6 Dodging


You had 7 spell levels left.
You didn't know any spells.
Your spell library was empty.

Dungeon Overview and Level Annotations

Branches:
Dungeon (5/15)             Temple (0/1) D:4

Altars:


Innate Abilities, Weirdness & Mutations

You are too large for most types of armour.
You have tough skin. (AC +1)


Message History

A red film seems to cover your vision as you go berserk!
You feel yourself moving faster!
You feel mighty!
You feel very sick. The orc barely misses you. The orc closely misses you.
The orc hits you from afar with a +0 trident.
The orc wizard hits you with a +1 dagger of venom.
* * * LOW HITPOINT WARNING * * *
You are more poisoned.
You sock the orc wizard!
The orc wizard is heavily wounded.
You feel very sick. The orc closely misses you.
The orc hits you with a +0 hand axe.
* * * LOW HITPOINT WARNING * * *
The orc closely misses you. The orc wizard closely misses you.
You barely miss the orc wizard.
The orc wizard is heavily wounded.
You feel very sick. The orc completely misses you.
You hit the orc wizard.
The orc wizard is severely wounded.
You feel very sick.
The orc wizard hits you but does no damage.
You are lethally poisoned!
The orc hits you with a +0 hand axe.
* * * LOW HITPOINT WARNING * * *
The orc barely misses you. The orc hits you with a +0 whip.
* * * LOW HITPOINT WARNING * * *
You barely miss the orc wizard.
The orc wizard is severely wounded.
* * * LOW HITPOINT WARNING * * *
You feel very sick. The orc barely misses you. The orc closely misses you.
The orc wizard hits you with a +1 dagger of venom.
* * * LOW HITPOINT WARNING * * *
You are more poisoned.
The orc barely misses you.
You are too berserk!
You barely miss the orc wizard.
The orc wizard is severely wounded.
You die...

#############
#............
#............
#...........< ##
########'##.###+##
..##.).#..#.##'###..###.
............#..@ol.....
.............#..ooo.....
#...##.####.###.###.###.
#...##.####'####### #
..............'....
..............#....
..............# ..
..............#
..............#


You could see an iguana, an orc wizard and 3 orcs.

Vanquished Creatures
  Sigmund (D:4)
  An ice beast (D:5)
  2 ogres
  A centaur (D:5)
  A water moccasin zombie (D:5)
  A howler monkey (D:5)
  4 hounds
  A centaur skeleton (D:5)
  An iguana (D:5)
  Ijyb (D:3)
  Natasha (thrice) (D:3)
  The ghost of lnt the Sneak, a weakling OpDe of Dithmenos (D:3)
  A hound skeleton (D:4)
  6 adders
  3 gnolls (D:3)
  A howler monkey skeleton (D:5)
  A white imp (D:5)
  An ufetubus (D:5)
  A worm (D:2)
  2 dart slugs (D:3)
  2 orcs
  2 ball pythons
  7 bats
  6 endoplasms
  3 giant cockroaches
  3 goblins
  5 hobgoblins
  4 kobolds
  2 quokkas (D:3)
  10 frilled lizards
  8 rats
86 creatures vanquished.

Vanquished Creatures (others)
  An adder skeleton (D:4)
1 creature vanquished.

Grand Total: 87 creatures vanquished

Notes
Turn   | Place    | Note
-------+----------+-------------------------------------------
     0 | D:1      | siradein the Ogre Berserker began the quest for the Orb.
     0 | D:1      | Reached XP level 1. HP: 24/24 MP: 1/1
   153 | D:1      | Reached XP level 2. HP: 32/32 MP: 2/2
   753 | D:1      | Found a faded altar of an unknown god.
  1137 | D:2      | Reached XP level 3. HP: 33/40 MP: 3/3
  1728 | D:2      | Reached XP level 4. HP: 49/49 MP: 4/4
  1744 | D:2      | Reached skill level 5 in Fighting
  1942 | D:3      | Reached ** piety under Trog
  2116 | D:3      | Noticed Ijyb
  2124 | D:3      | Killed Ijyb
  2126 | D:3      | Reached XP level 5. HP: 57/57 MP: 5/5
  2467 | D:3      | Noticed Natasha
  2474 | D:3      | Killed Natasha
  2645 | D:3      | Noticed Natasha
  2653 | D:3      | Killed Natasha
  2810 | D:3      | Found a large runed translucent door.
  2810 | D:3      | Found a large runed translucent door.
  2810 | D:3      | Noticed lnt's ghost (weakling OpDe)
  2944 | D:3      | Noticed Natasha
  2952 | D:3      | Killed Natasha
  2953 | D:3      | Reached XP level 6. HP: 55/67 MP: 6/6
  3248 | D:3      | Killed lnt's ghost
  3249 | D:3      | Reached skill level 6 in Fighting
  3370 | D:4      | Noticed Sigmund
  3390 | D:4      | Killed Sigmund
  3584 | D:4      | Reached XP level 7. HP: 37/76 MP: 7/7
  3907 | D:4      | Reached skill level 7 in Fighting
  4009 | D:4      | Found a staircase to the Ecumenical Temple.
  4221 | D:5      | Entered Level 5 of the Dungeon
  4256 | D:5      | Reached skill level 5 in Maces & Flails
  4256 | D:5      | Reached skill level 5 in Dodging
  4496 | D:5      | Reached XP level 8. HP: 64/88 MP: 8/8
  4664 | D:5      | Reached skill level 8 in Fighting
  5056 | D:5      | HP: 6/132 [orc wizard (3)]
  5057 | D:5      | Succumbed to an orc wizard's poison

Illustrated notes

Levels and vault maps discovered:
D:1:      roderic_dead_forest, layout_loops_ring, ebering_ecumenical_altar_hall,
          corexii_leaking_fountain
D:2:      layout_basic
D:3:      layout_loops_corners, ebering_ghost_disaster_area, serial_glass,
          glass_columns_a, glass_columns_a, minmay_crystal_room,
          kennysheep_potato, uniq_natasha, uniq_ijyb
D:4:      layout_rooms, temple_doors_e, lemuel_flame_loot_1, uniq_sigmund
D:5:      layout_gridville, mainiacjoe_overflow_alcove_4

Skill      XL: |  1  2  3  4  5  6  7  8 |
---------------+-------------------------+-----
Maces & Flails | 3 4 5 |  5.6
Dodging        | 3 4 5 |  5.6
Fighting       | 5 6 7 8 |  8.1

Action                   |  1- 3 |  4- 6 |  7- 9 || total
-------------------------+-------+-------+-------++-------
Melee: Mace              |   100 |    53 |       ||   153
       Flail             |       |   103 |     3 ||   106
       Giant club        |       |       |    67 ||    67
Invok: Berserk           |       |     4 |     2 ||     6
       Trog's Hand       |       |     4 |     1 ||     5
Armor: Animal skin       |    38 |    45 |    19 ||   102
Dodge: Dodged            |    70 |   104 |    61 ||   235

Table legend: (Time is in decaauts)
 A = Elapsed time spent in this place.
 B = Non-inter-level travel time spent in this place.
 C = Inter-level travel time spent in this place.
 D = Time resting spent in this place.
 E = Time spent auto-exploring this place.
 F = Levels seen in this place.
 G = Mean time per level.
                   A        B        C        D        E       F      G
               +--------+--------+--------+--------+--------+-----+--------+
         Total |   5170 |   5110 |     60 |    412 |   4003 |   5 | 1034.0 |
       Dungeon |   5170 |   5110 |     60 |    412 |   4003 |   5 | 1034.0 |
               +--------+--------+--------+--------+--------+-----+--------+

Top non-repeatable levels by time:
     D:3: 1473 daAuts
     D:1: 984 daAuts
     D:2: 980 daAuts
     D:4: 870 daAuts
     D:5: 861 daAuts
